 Dungeon Crawl Stone Soup version 0.17.1-3-g152610e (webtiles) character file.

244 Gargoyl the Skirmisher (level 5, -1/63 HPs)
             Began as a Demonspawn Abyssal Knight on Mar 23, 2016.
             Was a Priest of Lugonu.
             Killed by divine providence
             ... invoked by an orc priest
              (15 damage)
             ... on level 5 of the Dungeon.
             The game lasted 00:07:22 (3142 turns).

Gargoyl the Skirmisher (Demonspawn Abyssal Knight)  Turns: 3142, Time: 00:07:23

Health: -1/63      AC: 22    Str: 14    XL:     5   Next: 83%
Magic:  7/7        EV:  2    Int: 13    God:    Lugonu [***...]
Gold:   131        SH:  8    Dex: 16    Spells: 0 memorised, 4 levels left

rFire  . . .     SeeInvis .     a - +2 hand axe
rCold  . . .     Clarity  .     (armour currently unavailable)
rNeg   + + +     SustAt   .     l - +0 shield
rPois  +         Gourm    .     (helmet currently unavailable)
rElec  .         Spirit   .     (cloak currently unavailable)
rCorr  .         Warding  .     (gloves currently unavailable)
rMut   .         NoTele   +     (boots currently unavailable)
MR     .....                    (no amulet)
Stlth  +++.......               (no ring)
                                r - ring of positive energy

@: tree-form, not resistant to hostile enchantments, fairly stealthy
A: thin skeletal structure 2
a: Depart the Abyss, Bend Space, Banish, Renounce Religion


You were on level 5 of the Dungeon.
You worshipped Lugonu.
Lugonu was most pleased with you.
You were very hungry.
You were a tree.
You visited 1 branch of the dungeon, and saw 6 of its levels.
You visited the Abyss 1 time.

You collected 131 gold pieces.

Inventory:

Hand Weapons
 a - a +2 hand axe (weapon)
Missiles
 b - 5 tomahawks (quivered)
Armour
 g - a +0 scale mail (melded)
 h - a +0 helmet (melded)
 i - a +0 pair of gloves (melded)
 l - a +0 shield (worn)
Jewellery
 r - a ring of positive energy (left branch)
Scrolls
 e - a scroll of amnesia {unknown}
 j - 2 scrolls of remove curse
 k - 2 scrolls of enchant weapon
 m - 2 scrolls of identify {unknown}
 o - 2 scrolls of magic mapping {unknown}
 q - a scroll of immolation {unknown}
 u - 3 scrolls of teleportation
 v - a scroll of fog {unknown}
 w - a scroll of noise {unknown}
 x - a scroll of enchant armour {unknown}
Potions
 f - a potion of mutation {unknown}
 p - a potion of lignification
 s - a potion of heal wounds {unknown}
 t - a potion of brilliance
Comestibles
 c - 3 bread rations
 d - 2 royal jellies
 n - a beef jerky


   Skills:
 + Level 4.2 Fighting
 + Level 2.7 Axes
 + Level 2.5 Armour
 + Level 2.9 Dodging
 + Level 0.4 Stealth
 + Level 1.1 Shields
 + Level 2.8 Invocations


You had 4 spell levels left.
You didn't know any spells.

Dungeon Overview and Level Annotations

Branches:
Dungeon (6/15)
 Temple: D:4-7

Altars:

Shops:
D:5 [


Innate Abilities, Weirdness & Mutations

You have a moderately thin skeletal structure (Dex +4, Stealth+).


Message History

The orc priest hits you but does no damage.
The orc hits you but does no damage.
You closely miss the orc priest.
The orc priest is lightly wounded.
You hit the orc.
The orc is heavily wounded.
You hit the orc.
You kill the orc!
Lugonu accepts your kill. The orc hits you.
* * * LOW HITPOINT WARNING * * *
The orc priest hits you but does no damage.
You hit the orc priest.
The orc priest is moderately wounded.
You hit the orc but do no damage.
The orc is heavily wounded.
The orc hits you but does no damage.
The orc priest invokes the aid of Beogh against you.
Something smites you!
You die...

### .. . #
###.# .# ..
....##.## #..
#..∩.....
#...###........
..#...o)..)....
......)♣.......
...#.##o.......
.o.....$.......
......#####..##
.....# ...
..#.. ## .#..
#. #.


You could see an orc priest and an orc.

Vanquished Creatures
  Ijyb (D:2)
  Terence (D:2)
  Robin (D:2)
  8 adders
  3 worms
  5 orcs
  10 bats
  4 giant cockroaches
  21 goblins
  7 hobgoblins
  3 jackals (D:1)
  A ball python (D:1)
  A giant cockroach zombie (D:4)
  8 giant geckos
  A giant newt (D:2)
  12 kobolds
  4 rats
91 creatures vanquished.

Notes
Turn   | Place    | Note
--------------------------------------------------------------
     0 | Abyss:1  | Gargoyl the Demonspawn Abyssal Knight began the quest for the Orb.
     0 | Abyss:1  | Reached XP level 1. HP: 18/18 MP: 2/2
   115 | Abyss:1  | Noticed a quasit
   163 | Abyss:2  | Noticed a smoke demon
   165 | D:1      | Escaped the Abyss
   282 | D:1      | Reached * piety under Lugonu
   460 | D:1      | Gained mutation: You have a somewhat thin skeletal structure (Dex +2, Stealth). [demonic ancestry]
   460 | D:1      | Reached XP level 2. HP: 24/24 MP: 3/3
   641 | D:1      | Reached skill level 1 in Dodging
   809 | D:2      | Reached XP level 3. HP: 22/30 MP: 3/5
  1400 | D:2      | Noticed Terence
  1407 | D:2      | Noticed Robin
  1427 | D:2      | Reached ** piety under Lugonu
  1433 | D:2      | Killed Terence
  1433 | D:2      | Gained mutation: You have a moderately thin skeletal structure (Dex +4, Stealth+). [demonic ancestry]
  1433 | D:2      | Reached XP level 4. HP: 24/37 MP: 6/6
  1450 | D:2      | Killed Robin
  1759 | D:2      | Noticed Ijyb
  1786 | D:2      | Killed Ijyb
  1786 | D:2      | Reached skill level 4 in Fighting
  1786 | D:2      | Reached XP level 5. HP: 36/42 MP: 7/7
  2151 | D:3      | Reached skill level 1 in Shields
  2169 | D:3      | Reached *** piety under Lugonu
  2889 | D:3      | Found a faded altar to an unknown god.
  3102 | D:4      | You fall through a shaft for 2 floors!
  3126 | D:5      | Entered Level 5 of the Dungeon
  3126 | D:5      | Found Laypnat's Antique Armour Shoppe.
  3142 | D:5      | Killed from afar by an orc priest

Action                   |  1- 3 |  4- 6 || total
-------------------------+-------+-------++-------
Melee: Hand axe          |   124 |   242 ||   366
Invok: Depart the Abyss  |     1 |       ||     1
       Bend Space        |       |     1 ||     1
  Use: Potion            |     7 |     1 ||     8
       Scroll            |       |     3 ||     3
  Eat: Chunk             |     2 |     5 ||     7
